 Dungeon Crawl Stone Soup version 0.30-a0-824-g6c64550be9 (webtiles) character file.

Game seed: 9061369838642234861

34484 cforsyth the Unseen (level 14, -13/84 HPs)
             Began as a Kobold Brigand on Feb 27, 2023.
             Was a High Priest of Hepliaklqana.
             Mangled by a white ugly thing (32 damage)
             ... on level 14 of the Dungeon.
             The game lasted 00:24:56 (15705 turns).

cforsyth the Unseen (Kobold Brigand)               Turns: 15705, Time: 00:24:57

Health: -13/84     AC: 15    Str: 12    XL:     14   Next: 13%
Magic:  14/14      EV: 28    Int: 12    God:    Hepliaklqana [*****.]
Gold:   738        SH:  5    Dex: 26    Spells: 13/13 levels left

rFire   . . .      SeeInvis .    p - +3 dagger (spect)
rCold   . . .      Faith    .    (no shield)
rNeg    . . .      Spirit   .    Q - +0 troll leather armour
rPois   .          Reflect  +    V - +0 helmet
rElec   .          Harm     .    I - +2 cloak
rCorr   .          Rampage  .    J - +0 pair of gloves
Will    +....                    E - +1 pair of boots
Stlth   ++++++++                 W - amulet of reflection
HPRegen 0.00/turn                t - +6 ring of dexterity
MPRegen 0.14/turn                w - +4 ring of protection

@: lethally poisoned (-13 -> -38), about to teleport, inhibited regen
A: reduced essence, small, no large weapons, nightstalker 3, inhibited
regeneration, strong 1, MP-powered wands
a: Renounce Religion, Recall Ancestor, Ancestor Identity, Transference, Idealise


You were on level 14 of the Dungeon.
You worshipped Hepliaklqana.
Hepliaklqana was extremely pleased with you.
You visited 3 branches of the dungeon, and saw 16 of its levels.

You collected 738 gold pieces.

Inventory:

Hand Weapons
 o - a +3 dagger of venom
 p - a +3 spectral dagger (weapon)
 z - a +2 short sword of electrocution
 G - a +4 dagger of speed
Missiles
 d - 45 poisoned darts (quivered)
 e - 4 curare-tipped darts
 v - 6 datura-tipped darts
Armour
 E - a +1 pair of boots (worn)
 I - a +2 cloak (worn)
 J - a +0 pair of gloves (worn)
 Q - a +0 troll leather armour (worn)
 V - a +0 helmet (worn)
Jewellery
 m - a ring of willpower
 n - a ring of see invisible
 t - a +6 ring of dexterity (left hand)
 u - a ring of protection from fire
 w - a +4 ring of protection (right hand)
 N - a ring of protection from cold
 S - a +6 ring of strength
 W - an amulet of reflection (around neck)
 Z - a ring of magical power
Wands
 c - a wand of iceblast (21)
 q - a wand of quicksilver (3)
 y - a wand of mindburst (10)
 B - a wand of flame (20)
 P - a wand of polymorph (6)
 R - a wand of paralysis (10)
 X - a wand of digging (13)
Scrolls
 b - 3 scrolls of fear
 g - 7 scrolls of enchant weapon
 h - 4 scrolls of teleportation
 i - 6 scrolls of poison
 j - a scroll of immolation
 k - 5 scrolls of enchant armour
 s - 4 scrolls of torment
 A - a scroll of fog
 C - a scroll of identify
 D - 2 scrolls of blinking
Potions
 f - 4 potions of attraction
 l - 5 potions of heal wounds
 r - a potion of resistance
 x - 4 potions of cancellation
 F - 5 potions of flight
 H - 2 potions of invisibility
 L - a potion of berserk rage
 M - 4 potions of curing
 O - 2 potions of brilliance
 T - a potion of ambrosia
 U - 2 potions of lignification
 Y - 2 potions of might


   Skills:
 + Level 13.0 Fighting
 + Level 15.2 Short Blades
 - Level 2.1 Throwing
 + Level 13.9 Dodging
 + Level 17.0 Stealth


You had 13 spell levels left.
You didn't know any spells.
Your spell library contained the following spells:

 Spells                   Type           Power      Damage    Failure   Level
 Apportation              Tloc           0%         N/A       38%         1
 Kiss of Death            Conj/Necr      0%         2d5       38%         1
 Magic Dart               Conj           0%         1d3       38%         1
 Necrotise                Necr           0%         1d4       38%         1
 Slow                     Hex            0%         N/A       38%         1
 Summon Small Mammal      Summ           0%         N/A       38%         1
 Call Imp                 Summ           0%         N/A       54%         2
 Cigotuvi's Dreadful Rot  Necr/Pois/Air  0%         N/A       54%         2
 Ensorcelled Hibernation  Hex/Ice        0%         N/A       54%         2
 Confusing Touch          Hex            0%         N/A       77%         3
 Hailstorm                Conj/Ice       0%         3d3       77%         3
 Mephitic Cloud           Conj/Pois/Air  0%         N/A       77%         3
 Ozocubu's Armour         Ice            0%         N/A       77%         3
 Spider Form              Tmut/Pois      0%         N/A       77%         3
 Vampiric Draining        Necr           0%         2d6       77%         3
 Vhi's Electric Charge    Tloc/Air       0%         N/A       77%         3
 Airstrike                Air            0%         2d(0-16)  99%         4
 Anguish                  Hex/Necr       0%         N/A       99%         4
 Dispel Undead            Necr           0%         3d6       99%         4
 Ice Form                 Ice/Tmut       0%         N/A       99%         4
 Summon Lightning Spire   Summ/Air       0%         N/A       99%         4
 Alistair's Intoxication  Tmut/Pois      0%         N/A       100%        5
 Arcjolt                  Conj/Air       0%         1d10      100%        5
 Borgnjor's Vile Clutch   Necr/Erth      0%         N/A       100%        5
 Lightning Bolt           Conj/Air       0%         1d11      100%        5
 Metabolic Englaciation   Hex/Ice        0%         N/A       100%        5
 Death Channel            Necr           0%         N/A       100%        6
 Eringya's Noxious Bog    Tmut/Pois      0%         N/A       100%        6
 Simulacrum               Ice/Necr       0%         N/A       100%        6
 Maxwell's Capacitive Co  Air            0%         ∞         100%        8


Dungeon Overview and Level Annotations

Branches:
Dungeon (14/15)            Temple (1/1) D:5            Lair (1/5) D:10
    Orc (0/2) D:9
 Vaults: D:13-14

Altars:
Ashenzari
Cheibriados
Dithmenos
Elyvilon
Fedhas
Gozag
Hepliaklqana
Kikubaaqudgha
Makhleb
Nemelex Xobeh
Okawaru
Qazlal
Ru
Sif Muna
Trog
Uskayaw
Vehumet
Wu Jian
Xom
Yredelemnul
Zin
The Shining One
Jiyva

Shops:
D:8 *

Portals:
Ice
Cave: D:14

Annotations:
D:8 1 runed translucent door
D:13 exclusion: orange crystal statue
D:14 Rupert


Innate Abilities, Weirdness & Mutations

Your life essence is reduced to manifest your ancestor. (-10% HP)
You are small and have problems with some larger weapons.
You are completely attuned to the shadows.
You do not regenerate when monsters are visible.
Your muscles are strong. (Str +4, Int/Dex -1)
You expend magic power (3 MP) to strengthen your wands.


Message History

You hit the cyan ugly thing but do no damage.
The cyan ugly thing is almost dead.
Your +3 spectral dagger hits the cyan ugly thing.
You feel very sick.
The green ugly thing completely misses you.
The red ugly thing completely misses you.
The green ugly thing misses you.
The cyan ugly thing tail-slaps your +3 spectral dagger!
Your spectral weapon shares its damage with you!
Your +3 spectral dagger fades away.
You hit the cyan ugly thing.
You kill the cyan ugly thing!
You feel very sick.
Rupert roars madly and goes into a rage!
Rupert goes berserk!
The green ugly thing stings you.
You are too injured to fight recklessly!
You are too injured to fight recklessly!
You are too injured to fight recklessly!
You are too injured to fight recklessly!
You are too injured to fight recklessly!
You are too injured to fight recklessly!
You are too injured to fight recklessly!
You are too injured to fight recklessly!
You are too injured to fight recklessly!
You are too injured to fight recklessly!
You are too injured to fight recklessly!
You are too injured to fight recklessly!
You are too injured to fight recklessly!
As you read the scroll of teleportation, it crumbles to dust.
You feel strangely unstable.
You feel extremely sick.
The green ugly thing completely misses you.
The green ugly thing pecks you but does no damage.
The red ugly thing barely misses you.
The green ugly thing pecks you but does no damage.
You block the green ugly thing's attack.
The white ugly thing claws you!
* * * LOW HITPOINT WARNING * * *
The white ugly thing freezes you!!
You die...

*,,,**,,,,,,,,,,,,,,,,,,,,,,,,*
*,,,**,,,,,,,,,,,,,,,,,,,,,,,,*
*,,,**,,,,,,,,,,,,,,,,,,,,,,,,*
***,,,**,,,,,,,,,*,*,*,,,,,,,,,,*
,,,,,,**,,,,,........,,,,,,,,,,,*
,,,,,,**,,,,.........,,*,,,,,,,,*
,,,,,,,,,,......u....,,,,,,,,,,,*
*****,,,,,.....#uu.∩.,,*,,,,,,,,*
,,,,*,,,,,.....u@u@..,,,,,,,,,,,*
,,,,+,,#...#...#uu...,,,,,,,,,,,*
,⌠,,+,,#...#....§....,,,,,,****,*
,,,,+,,#...##....#.#.*,,,,** *,*
,,,,*,##.............,,,,** *,*
+++**,.!.............,,,** *,*
,,,,*,.....####.....,,,,* *,*
,,,,*,###..# *...,*,,,,*******,*
,⌠,,#,* #..# *,,,**,,,,,,,,,,,,*


You could see Rupert (berserk) and 7 ugly things.

Vanquished Creatures
  3 hydras
  Harold (D:9)
  Erolcha (D:10)
  4 centaur warriors
  2 boulder beetles
  3 two-headed ogres
  The ghost of baal32 the Cleaver, a novice MiFi of Okawaru (D:7)
  3 skeletal warriors (D:12)
  The ghost of Nabski the Arsonist, a novice TeFE of Vehumet (D:8)
  Pikel (D:7)
  A deep elf pyromancer (D:8)
  2 manticores
  7 ugly things
  3 cyclopes
  2 gargoyles
  Maggie (D:7)
  2 cane toads (Lair:1)
  An unseen horror (D:8)
  2 komodo dragons
  An efreet (D:8)
  A meliai (D:8)
  5 trolls
  A hornet (D:9)
  Sigmund (D:5)
  6 slime creatures
  2 vampires
  A wraith (D:11)
  8 yaks
  A shadow (D:12)
  3 fire bats (D:9)
  A basilisk (D:8)
  3 wyverns
  4 vampire mosquitoes (D:13)
  An acid dragon (D:7)
  2 water moccasins
  Duvessa (D:7)
  A hell hound (D:9)
  6 orc warriors
  2 sky beasts
  A black bear (shapeshifter) (D:8)
  2 ice beasts
  3 black bears
  8 centaurs
  2 phantoms (D:7)
  A lemure (D:7)
  3 kobold brigands
  8 bullfrogs
  3 necrophages
  2 gnoll sergeants
  3 scorpions
  14 wights
  Dowan (D:7)
  10 killer bees
  5 howler monkeys
  2 lava snakes (D:9)
  3 hounds
  4 jellies
  7 orc priests
  2 iguanas
  9 orc wizards
  10 gnolls
  9 adders
  2 shadow imps (D:7)
  2 white imps (D:7)
  3 worms
  3 dart slugs
  39 orcs
  5 ball pythons
  7 bats
  4 endoplasms
  A giant cockroach (D:4)
  10 goblins
  9 hobgoblins
  14 kobolds
  2 quokkas
  3 frilled lizards
  6 rats
  A fire vortex (D:9)
315 creatures vanquished.

Vanquished Creatures (collateral kills)
  A two-headed ogre (D:8)
  A manticore (D:12)
  A cyclops (D:12)
  3 trolls
  2 slime creatures
  A yak (Lair:1)
  A fire bat (D:9)
  A steam dragon (D:7)
  An acid dragon (D:9)
  4 orc warriors
  A sky beast (D:7)
  A lemure (D:7)
  3 gnoll sergeants
  2 killer bees (D:9)
  2 hounds (D:7)
  3 orc priests
  A jelly (D:8)
  2 orc wizards (D:9)
  3 gnolls
  8 orcs
  A goblin (D:9)
  A fire vortex (D:9)
44 creatures vanquished.

Vanquished Creatures (others)
  An ancestor (D:7)
  4 hexers
  A fire vortex (D:9)
6 creatures vanquished.

Grand Total: 365 creatures vanquished

Notes
Turn   | Place    | Note
-------+----------+-------------------------------------------
     0 | D:1      | cforsyth the Kobold Brigand began the quest for the Orb.
     0 | D:1      | Reached XP level 1. HP: 12/12 MP: 1/1
   153 | D:1      | Found a faded altar of an unknown god.
   204 | D:1      | Reached XP level 2. HP: 13/18 MP: 2/2
   774 | D:2      | Reached XP level 3. HP: 22/22 MP: 3/3
   901 | D:2      | Reached XP level 4. HP: 14/28 MP: 4/4
   911 | D:2      | Reached skill level 6 in Stealth
  1354 | D:2      | Reached XP level 5. HP: 27/32 MP: 5/5
  2356 | D:4      | Noticed a water moccasin
  2365 | D:4      | Gained mutation: Armour fits poorly on your strangely
                  | shaped body. [potion of mutation]
  2365 | D:4      | Gained mutation: You possess an exceptional clarity of
                  | mind. [potion of mutation]
  2371 | D:4      | Killed a water moccasin
  2372 | D:4      | Reached XP level 6. HP: 38/38 MP: 6/6
  2402 | D:4      | Found a blossoming altar of Fedhas.
  2426 | D:4      | Reached skill level 7 in Stealth
  2428 | D:4      | Reached skill level 5 in Short Blades
  2876 | D:4      | Reached XP level 7. HP: 41/43 MP: 7/7
  3079 | D:5      | Entered Level 5 of the Dungeon
  3249 | D:5      | Found a staircase to the Ecumenical Temple.
  3274 | D:5      | Noticed Sigmund
  3292 | Temple   | Entered the Ecumenical Temple
  3295 | Temple   | Found a transporter.
  3295 | Temple   | Found a transporter.
  3297 | Temple   | Found a transporter.
  3297 | Temple   | Found a transporter.
  3366 | Temple   | Became a worshipper of Hepliaklqana the Forgotten
  3392 | D:5      | Killed Sigmund
  3443 | D:5      | Found a bloodstained altar of Trog.
  3646 | D:5      | Reached skill level 5 in Fighting
  3646 | D:5      | Reached skill level 5 in Dodging
  3646 | D:5      | Reached skill level 8 in Stealth
  3646 | D:5      | Reached XP level 8. HP: 49/49 MP: 8/8
  5277 | D:6      | Lost mutation: Armour fits poorly on your strangely shaped
                  | body. [potion of mutation]
  5277 | D:6      | Lost mutation: You possess an exceptional clarity of mind.
                  | [potion of mutation]
  5277 | D:6      | Gained mutation: You occasionally lose the ability to drink
                  | potions when taking damage. [potion of mutation]
  5277 | D:6      | Gained mutation: You are agile. (Dex +4, Str/Int -1)
                  | [potion of mutation]
  5292 | D:6      | Found a hide-covered altar of Uskayaw.
  5504 | D:6      | Reached * piety under Hepliaklqana
  5555 | D:6      | Reached skill level 9 in Stealth
  5691 | D:6      | Reached XP level 9. HP: 49/49 MP: 9/9
  6376 | D:7      | Noticed Maggie
  6380 | D:7      | Killed Maggie
  6535 | D:7      | Found a runed translucent gate.
  6536 | D:7      | Found a runed translucent gate.
  6537 | D:7      | Found a runed translucent gate.
  6580 | D:7      | Found a white marble altar of Elyvilon.
  6580 | D:7      | Found a glowing golden altar of the Shining One.
  6581 | D:7      | Found a glowing silver altar of Zin.
  6817 | D:7      | Reached skill level 10 in Stealth
  6986 | D:7      | Noticed Pikel
  7018 | D:7      | Killed Pikel
  7124 | D:7      | Reached XP level 10. HP: 56/56 MP: 10/10
  7164 | D:7      | Reached skill level 11 in Stealth
  7168 | D:7      | Noticed Duvessa
  7178 | D:7      | Noticed Dowan
  7186 | D:7      | Killed Duvessa
  7199 | D:7      | Killed Dowan
  7308 | D:7      | Noticed a purple ugly thing
  7556 | D:7      | Found a radiant altar of Vehumet.
  7703 | D:7      | Reached skill level 10 in Short Blades
  7733 | D:7      | Killed a purple ugly thing
  7747 | D:7      | Reached skill level 12 in Stealth
  7878 | D:7      | Noticed a cyan ugly thing
  7908 | D:7      | Killed a cyan ugly thing
  8094 | D:7      | Reached ** piety under Hepliaklqana
  8095 | D:7      | Remembered your ancestor Wenzel as a hexer
  8389 | D:7      | Noticed baal32's ghost (novice MiFi)
  8458 | D:7      | Identified the +4 chain mail "Dipn" {rN+}
  8541 | D:7      | Reached XP level 11. HP: 53/62 MP: 11/11
  8565 | D:7      | Killed baal32's ghost
  8896 | D:8      | Noticed a two-headed ogre
  8904 | D:8      | Killed a two-headed ogre
  8905 | D:8      | Reached skill level 10 in Dodging
  9004 | D:8      | Reached skill level 13 in Stealth
  9082 | D:8      | Noticed a centaur warrior
  9104 | D:8      | Killed a centaur warrior
  9109 | D:8      | Noticed a cyclops
  9117 | D:8      | Killed a cyclops
  9122 | D:8      | Noticed a boulder beetle
  9139 | D:8      | Killed a boulder beetle
  9162 | D:8      | Reached skill level 10 in Fighting
  9168 | D:8      | Killed a deep elf pyromancer
  9171 | D:8      | Noticed a cyclops
  9278 | D:8      | Noticed a centaur warrior
  9408 | D:8      | Noticed a manticore
  9434 | D:8      | Killed a manticore
  9435 | D:8      | Reached XP level 12. HP: 42/70 MP: 12/12
  9536 | D:8      | Found a snail-covered altar of Cheibriados.
  9570 | D:8      | Found a runed translucent gate.
  9570 | D:8      | Found a runed translucent gate.
  9570 | D:8      | Found a runed translucent gate.
  9594 | D:8      | Found Fyziusoe's Fire Supplies.
  9733 | D:8      | Killed a centaur warrior
  9734 | D:8      | Reached skill level 14 in Stealth
  9813 | D:8      | Found a runed translucent door.
  9891 | D:8      | Found a shadowy altar of Dithmenos.
 10223 | D:8      | Noticed Nabski's ghost (novice TeFE)
 10476 | D:8      | Killed Nabski's ghost
 10480 | D:8      | Found a viscous altar of Jiyva.
 10606 | D:9      | Noticed Harold
 10621 | D:9      | Killed Harold
 11396 | D:9      | Identified the +7 war axe "Ojiburar" {heavy, rF+ Int+2}
 11510 | D:9      | Found a staircase to the Orcish Mines.
 11606 | D:9      | Noticed a two-headed ogre
 11610 | D:9      | Killed a two-headed ogre
 11673 | D:9      | Reached *** piety under Hepliaklqana
 12026 | D:10     | Entered Level 10 of the Dungeon
 12136 | D:10     | Reached skill level 15 in Stealth
 12185 | D:10     | Found a broken altar of Ashenzari.
 12488 | D:10     | Noticed Erolcha
 12492 | D:10     | Killed Erolcha
 12658 | D:10     | Found a sparkling altar of Nemelex Xobeh.
 12690 | D:10     | Found a staircase to the Lair.
 12895 | D:11     | Reached XP level 13. HP: 75/75 MP: 13/13
 12938 | D:11     | Reached **** piety under Hepliaklqana
 13679 | D:12     | Noticed a five-headed hydra
 13690 | D:12     | Killed a five-headed hydra
 13789 | D:12     | Reached skill level 16 in Stealth
 14549 | Lair:1   | Entered Level 1 of the Lair of Beasts
 14811 | D:8      | Lost mutation: You occasionally lose the ability to drink
                  | potions when taking damage. [potion of mutation]
 14811 | D:8      | Lost mutation: You are agile. (Dex +4, Str/Int -1) [potion
                  | of mutation]
 14811 | D:8      | Gained mutation: Armour fits poorly on your strangely
                  | shaped body. [potion of mutation]
 14812 | D:8      | Lost mutation: Armour fits poorly on your strangely shaped
                  | body. [potion of mutation]
 14812 | D:8      | Gained mutation: Your muscles are strong. (Str +4, Int/Dex
                  | -1) [potion of mutation]
 14812 | D:8      | Gained mutation: You do not regenerate when monsters are
                  | visible. [potion of mutation]
 14812 | D:8      | Gained mutation: You expend magic power (3 MP) to
                  | strengthen your wands. [potion of mutation]
 14942 | D:13     | Noticed a seven-headed hydra
 15192 | D:13     | Killed a seven-headed hydra
 15387 | D:13     | Reached skill level 15 in Short Blades
 15388 | D:13     | Noticed a five-headed hydra
 15392 | D:13     | Killed a five-headed hydra
 15393 | D:13     | Reached XP level 14. HP: 82/82 MP: 14/14
 15567 | D:13     | Reached ***** piety under Hepliaklqana
 15668 | D:14     | Reached skill level 17 in Stealth
 15679 | D:14     | Found a frozen archway.
 15694 | D:14     | Noticed Rupert
 15705 | D:14     | Mangled by a white ugly thing

Illustrated notes

Levels and vault maps discovered:
D:1:      dpeg_arrival_orchard, layout_loops_ring,
          chequers_ecumenical_altar_simple, kennysheep_boxes
D:2:      layout_basic
D:3:      layout_rooms
D:4:      layout_rooms, old_standard_altar, minmay_quantized
D:5:      layout_basic, lemuel_coloured_pillars_altar,
          minmay_temple_entry_proselytizer, uniq_sigmund
D:6:      layout_basic, nicolae_uskayaw_dance_studio
D:7:      nzn_winding_woodlands_stair_cross
          [nzn_winding_woodlands_5x15_sawtooth,
          nzn_winding_woodlands_center_diamonds,
          nzn_winding_woodlands_5x15_river_crossing,
          nzn_winding_woodlands_5x5_cross,
          nzn_winding_woodlands_5x5_closed_star, nzn_winding_woodlands_5x15_eye,
          nzn_winding_woodlands_center_pierced_h,
          nzn_winding_woodlands_5x15_cabin], layout_basic, good_gods_temple_1,
          overflow_temple_1_default, biasface_ghost_orc_armoury,
          minmay_door_square, uniq_pikel, uniq_maggie, uniq_duvessa
D:8:      minmay_the_grid_four_pointed_star
          [minmay_the_grid_triangle_9x9_negative_grid,
          minmay_the_grid_triangle_9x9_subtriangle,
          minmay_the_grid_triangle_9x9_intruding_spiral,
          minmay_the_grid_triangle_9x9_pentomino_pain,
          minmay_the_grid_prize_four_corners], layout_loops_ring, slow_altar_1,
          nicolae_dithmenos_through_a_glass_darkly, gammafunk_ghost_ooze,
          roderic_serpentine_path, nicolae_shop_fire_sale
          [nicolae_sub_dead_trees]
D:9:      layout_basic, erik_orc_4, hangedman_incinerator, uniq_harold
D:10:     layout_gridville, nicolae_overflow_crystal_walls, marbit_many_paths,
          grunt_lair_entry_orc_guard_hut, kennysheep_diamond,
          kennysheep_another_room, uniq_erolcha
D:11:     layout_roguey
D:12:     layout_gridville, hangedman_decor_push
D:13:     layout_cave_pools, minivault_16
D:14:     layout_small_grid, grunt_vaults_entry_tiered,
          portal_ice_cave_entry_ugly_swarm, minmay_diamond_spiral, uniq_louise,
          uniq_rupert
Temple:   hellmonk_temple_divided_pantheon
Lair:1:   layout_cave_pods, basic_altar, pdpol_lair_cabin_in_the_woods,
          infiniplex_staircase_pool_2, grunt_megastairs_2

Skill      XL: |  1  2  3  4  5  6  7  8  9 10 11 12 13 14 |
---------------+-------------------------------------------+-----
Short Blades   | 3 4 5 6 7 9 10 12 13 15 | 15.2
Dodging        | 2 3 4 5 6 7 9 11 12 13 | 13.9
Fighting       | 3 4 5 6 7 8 10 11 12 13 | 13.0
Stealth        | 6 7 8 9 10 12 13 15 16 17 | 17.0
Throwing       | |  2.1

Action                     |  1- 3 |  4- 6 |  7- 9 | 10-12 | 13-15 || total
---------------------------+-------+-------+-------+-------+-------++-------
  Melee: Dagger            |    56 |   154 |   269 |   714 |   280 ||  1473
         Punch             |       |     1 |     8 |    14 |     6 ||    29
         Unarmed           |       |       |       |     6 |       ||     6
 Invoke: Recall Ancestor   |       |       |     1 |       |       ||     1
         Ancestor Life: He |       |       |       |     1 |       ||     1
  Evoke: Wand              |       |       |     4 |       |       ||     4
    Use: Potion            |       |     6 |     2 |       |     2 ||    10
         Scroll            |       |       |    16 |     5 |     4 ||    25
   Stab: Sleeping          |    16 |    11 |    16 |    14 |    12 ||    69
         Distracted        |       |     1 |     2 |    24 |    14 ||    41
         Confused          |       |       |       |    10 |     9 ||    19
 Armour: Robe              |       |    24 |    21 |    58 |       ||   103
         Troll leather arm |       |       |       |     5 |    40 ||    45
  Dodge: Dodged            |    18 |   102 |   177 |   489 |   197 ||   983
  Block: Other             |       |       |       |     2 |    38 ||    40
         Reflection        |       |       |       |       |     2 ||     2

Table legend: (Time is in decaauts)
 A = Elapsed time spent in this place.
 B = Non-inter-level travel time spent in this place.
 C = Inter-level travel time spent in this place.
 D = Time resting spent in this place.
 E = Time spent auto-exploring this place.
 F = Levels seen in this place.
 G = Mean time per level.
                   A        B        C        D        E       F      G
               +--------+--------+--------+--------+--------+-----+--------+
         Total |  15117 |  14294 |    823 |   1817 |  10067 |  16 |  944.8 |
       Dungeon |  14855 |  14062 |    793 |   1817 |   9908 |  14 | 1061.1 |
        Temple |     92 |     74 |     18 |      0 |     36 |   1 |   92.0 |
          Lair |    170 |    159 |     11 |      0 |    123 |   1 |  170.0 |
               +--------+--------+--------+--------+--------+-----+--------+

Top non-repeatable levels by time:
     D:7: 2250 daAuts
     D:8: 2190 daAuts
     D:4: 1576 daAuts
     D:5: 1337 daAuts
     D:6: 1099 daAuts
    D:12: 1056 daAuts
     D:9: 946 daAuts
    D:11: 827 daAuts
    D:10: 788 daAuts
     D:2: 787 daAuts
     D:1: 703 daAuts
     D:3: 701 daAuts
    D:13: 543 daAuts
  Lair:1: 170 daAuts
  Temple: 92 daAuts
